Cogmind - Beta 15 @@@ ROGUE MODE // 2025.08.26 @ 16:30:56 Player: shapeshifter Result: Destroyed by H-77 Assassin with High-powered Shotgun Performance ------------- Evolutions (6) 3000 Regions Visited (11) 2200 Robots Destroyed (49) 245 Value Destroyed (1931) 1931 Prototype IDs (10) 200 Alien Tech Used (0) 0 Bonus (2928) 2928 TOTAL SCORE: 10504 Bonus ------- High Alert Combat Kills 628 Entered DSFs 500 Registered with UFD 300 Met Optimus in HQ 500 Met Warlord at Base 500 MAIN.C Attacked Warlord 500 Cogmind --------- Core Integrity 0/1150 Matter 270/300 Energy 13/100 System Corruption 8% Temperature Cool (56) Movement Core (50) Location -4/Factory Parts ------- > --- POWER (2) -------- (None) > --- PROPULSION (6) --- (None) > --- UTILITY (9) ------ Machine Analyzer Improved Signal Interpreter > --- WEAPON (2) ------- (None) > --- INVENTORY (5) ---- Huge Storage Unit Vortex Cannon (25) Enhanced Hardcell Cannon Enhanced Hardcell Cannon Peak State ------------ > --- POWER ------------ Antimatter Reactor Antimatter Reactor > --- PROPULSION ------- Flexi-carbon Leg Improved VSS Leg Improved Thunder Leg Improved Thunder Leg Enhanced Biometal Leg Enhanced Biometal Leg > --- UTILITY ---------- Huge Storage Unit Machine Analyzer Improved Sensor Array Improved Signal Interpreter Layered Medium Armor Plating Experimental Focal Shield Advanced Remote Shield A0-MCA's Component Scanner > --- WEAPON ----------- Vortex Shotgun Companion Sword > --- INVENTORY -------- Antimatter Reactor Vortex Chain Reactor Armored Leg Armored Leg Armored Leg Experimental Coolant Injector High-capacity Storage Unit Improved Sensor Array Makeshift ECM Suite Plasma Storm Vortex Shotgun Vortex Cannon Vortex Cannon Overtuned Coil Gun Railgun Overtuned Railgun Hardcell Cannon Long-range Missile Launcher CPS Tube CPS Tube [Rating: 131] Favorites ----------- Power Antimatter Reactor Engine Improved Deuterium Engine Power Core Light Nuclear Core Reactor Antimatter Reactor Propulsion Improved Thunder Leg Treads Heavy Treads Leg Improved Thunder Leg Wheel Armored Huge Wheel Hover Unit Improved Antigrav System Flight Unit Field Propulsion Drive Utility Improved Signal Interpreter Device Improved Sensor Array Storage High-capacity Storage Unit Processor Improved Signal Interpreter Hackware Improved Hacking Suite Protection Improved Medium Armor Plating Weapon Companion Sword Energy Gun Vortex Shotgun Energy Cannon Proton Cannon Ballistic Gun Light Assault Rifle Ballistic Cannon Magnetic Acceleration Cannon Launcher Long-range Missile Launcher Special Weapon Improved Remote Datajack Slashing Weapon Companion Sword Build | -11 -10 -10 -8 -6 -6 -5 -5 -5 -5 -4 -4 ------- Run | Yrd Mat Sub Scr Fac DSF Fac Upp Upp War Pro Fac Slots Evolved 12 | . . . . 8 . 2 . . . . 2 Power 1 | . . . . 1 . . . . . . . Propulsion 4 | . . . . 2 . 2 . . . . . Utility 7 | . . . . 5 . . . . . . 2 Weapon . | . . . . . . . . . . . . Parts Attached 87 | 7 . 6 10 1 1 18 2 3 5 5 29 Power 9 | 1 . 1 1 . . 1 . 1 . . 4 Engine 3 | 1 . 1 1 . . . . . . . . Core 2 | . . . . . . . . . . . 2 Reactor 4 | . . . . . . 1 . 1 . . 2 Propulsion 32 | 2 . 2 1 . . 8 1 . 2 . 16 Treads 6 | 2 . 1 . . . 3 . . . . . Leg 11 | . . . . . . 3 1 . 2 . 5 Wheel 4 | . . 1 1 . . . . . . . 2 Hover 4 | . . . . . . 2 . . . . 2 Flight 7 | . . . . . . . . . . . 7 Utility 27 | 2 . 2 3 1 . 6 1 1 1 3 7 Device 10 | 1 . . . 1 . 1 . 1 . 1 5 Storage 4 | 1 . . 1 . . 1 . . 1 . . Processor 3 | . . . . . . 1 1 . . 1 . Hackware 3 | . . . . . . 2 . . . . 1 Protection 7 | . . 2 2 . . 1 . . . 1 1 Artifact . | . . . . . . . . . . . . Weapon 19 | 2 . 1 5 . 1 3 . 1 2 2 2 Energy Gun 3 | 1 . . . . . . . . 1 1 . Energy Cannon 4 | . . . 2 . . . . . 1 1 . Ballistic Gun 4 | 1 . 1 . . . 1 . . . . 1 Ballistic Cannon 2 | . . . 1 . 1 . . . . . . Launcher 1 | . . . . . . . . . . . 1 Special Weapon 1 | . . . . . . 1 . . . . . Impact Weapon . | . . . . . . . . . . . . Slashing Weapon 4 | . . . 2 . . 1 . 1 . . . Piercing Weapon . | . . . . . . . . . . . . Special Melee Weapon . | . . . . . . . . . . . . Unidentified Prototypes 5 | . . . 1 . . 1 . . 3 . . Parts Lost 48 | . . 6 . . . . . . . 2 40 Power 7 | . . 1 . . . . . . . . 6 Propulsion 23 | . . 1 . . . . . . . . 22 Utility 15 | . . 3 . . . . . . . 2 10 Weapon 3 | . . 1 . . . . . . . . 2 Highest Loss Streak 16 | . . 6 . . . . . . . 1 16 To Critical Strikes . | . . . . . . . . . . . . Average Backups 13 | 3 7 7 8 12 12 14 18 19 17 19 17 Power . | . 1 . . . . . 2 1 1 2 . Propulsion . | . 1 1 . . . 1 . . . . 2 Utility 4 | . 2 2 2 1 1 3 8 9 7 6 3 Weapon 5 | . 1 1 4 8 9 7 6 6 6 9 8 Tool/Special . | . . . . . . . . . . . . Unused Backups 39 | 1 . 1 9 . 1 4 . . 7 . 16 Power 2 | . . 1 . . . 1 . . . . . Propulsion 2 | 1 . . 1 . . . . . . . . Utility 13 | . . . 4 . . 1 . . 4 . 4 Weapon 17 | . . . 2 . 1 2 . . 3 . 9 Tool/Special 5 | . . . 2 . . . . . . . 3 Average Slot Usage (%) 82 | . 100 98 83 39 43 61 71 91 94 95 77 Engine 5 | . 14 14 13 3 6 2 . . . . . Reactor 4 | . . . . . . 2 5 9 11 11 4 Treads 6 | . 28 17 7 . . 6 8 5 4 . . Leg 13 | . . . . . . 12 19 23 24 34 16 Wheel 3 | . . 10 10 6 6 1 . . . . 2 Flight 1 | . . . . . . . . . . . 7 Device 9 | . 14 11 . 6 6 7 11 15 17 12 11 Storage 8 | . 14 14 14 6 6 5 5 5 5 5 5 Processor 6 | . . . . . . 1 5 11 11 15 12 Protection 5 | . . 1 9 3 6 7 5 6 5 5 . Energy Gun 1 | . 14 12 . . . . . . . 1 3 Energy Cannon 2 | . . . 6 . . . . . 1 . 1 Ballistic Gun 4 | . 14 15 13 . . . . . . . . Ballistic Cannon 1 | . . . 6 . 8 . . . . . . Slashing Weapon 4 | . . . 1 13 1 6 5 9 8 5 4 Peak Build Rating 131 | 7 8 8 36 40 41 84 84 96 114 121 131 Average Rating 61 | 5 7 7 21 37 37 67 76 93 101 111 91 On Entrance 51 | . 7 8 7 25 40 41 76 84 96 114 121 Naked Turns . | . . . . . . . . . . . . Heaviest Build 147 | 14 14 16 54 51 55 72 77 89 140 147 146 Greatest Support 151 | 40 40 40 40 28 28 71 91 91 151 151 151 Greatest Overweight (x) 16 | . . . 1 1 1 1 . . 1 1 16 Average Overweight (x) . | . . . . 1 1 . . . . . 1 Largest Inventory Capacity 25 | 8 8 8 15 15 15 20 20 20 25 25 25 Average Capacity 16 | 7 8 8 10 15 15 17 20 20 20 25 21 Most Carried 25 | 6 8 8 15 14 15 20 20 20 25 25 25 Average Carried 15 | 3 7 7 9 12 14 16 19 19 20 24 19 Final Capacity 25 | 8 8 8 15 15 15 20 20 20 25 25 5 Final Carried 25 | 4 8 3 15 12 15 20 20 20 25 23 4 Class Distribution -------------------- 56% | Mutant 36% | Assassin 6% | Scavenger-Assassin Dominant Class ---------------- Mutant | -10/Materials Mutant | -10/Subcaves Mutant | -8/Scraptown Mutant | -6/Factory Mutant | -6/DSF Mutant | -5/Factory Mutant | -5/Upper Caves Assassin | -5/Upper Caves Assassin | -5/Warlord Scavenger-Assassin | -4/Proximity Caves Assassin | -4/Factory Resources | -11 -10 -10 -8 -6 -6 -5 -5 -5 -5 -4 -4 ----------- Run | Yrd Mat Sub Scr Fac DSF Fac Upp Upp War Pro Fac Matter Collected 1249 | 294 . 15 162 . 44 131 155 30 . 67 351 Remotely . | . . . . . . . . . . . . Salvage Created 1680 | 156 . . . . 36 131 55 141 . 169 992 Parts 97 | 17 . . . . 3 5 5 8 . 3 56 Haulers Intercepted 1 | . . . . . . 1 . . . . . Recyclers Shooed 1 | 1 . . . . . . . . . . . Parts Field Recycled . | . . . . . . . . . . . . Retrieved Matter . | . . . . . . . . . . . . Parts Self-Destructed 22 | . . 7 . . . . 3 9 . 3 . Prevented 1 | . . . . . . . . 1 . . . Kills | -11 -10 -10 -8 -6 -6 -5 -5 -5 -5 -4 -4 ------- Run | Yrd Mat Sub Scr Fac DSF Fac Upp Upp War Pro Fac Combat Hostiles Destroyed 39 | . . . . . 1 . 1 2 . 4 31 Melee 18 | . . . . . . . 1 2 . 1 14 Guns 12 | . . . . . . . . . . 2 10 Cannons 3 | . . . . . 1 . . . . 1 1 AOE 5 | . . . . . . . . . . . 5 Classes Destroyed 11 | 1 . . . . 1 2 1 2 . 2 2 Worker 1 | . . . . . . . . . . . 1 Tunneler 7 | 6 . . . . . . . . . . 1 Hauler 1 | . . . . . . 1 . . . . . Mechanic 1 | . . . . . . 1 . . . . . Swarmer 22 | . . . . . . . . . . 1 21 Grunt 5 | . . . . . . . . 1 . 1 3 Sentry 1 | . . . . . . . . . . 1 . Specialist 1 | . . . . . 1 . . . . . . Hunter 2 | . . . . . . . 1 . . . 1 Programmer 6 | . . . . . . . . . . . 6 Behemoth 2 | . . . . . . . . 1 . 1 . Best Kill Streak 11 | 1 . . . . 1 1 1 1 . 3 11 Combat Bots Only 11 | . . . . . 1 . 1 1 . 3 11 Max Kills in Single Turn 4 | 1 . . . . 1 1 1 1 . 1 4 Gunslinging . | . . . . . . . . . . . . Exploded 4 | . . . . . . . . . . . 4 Melee 2 | . . . . . . . 1 1 . 1 2 Uniques/NPCs Destroyed . | . . . . . . . . . . . . Combat | -11 -10 -10 -8 -6 -6 -5 -5 -5 -5 -4 -4 -------- Run | Yrd Mat Sub Scr Fac DSF Fac Upp Upp War Pro Fac Hostile Shots Fired 599 | . . 49 . . 26 . 18 5 . 92 409 Missed 195 | . . 19 . . 9 . 8 2 . 39 118 Hits 404 | . . 30 . . 17 . 10 3 . 53 291 Projectile 404 | . . 30 . . 17 . 10 3 . 53 291 Critical Strikes 14 | . . . . . . . . 1 . 6 7 Part Disruptions 4 | . . . . . 2 . . . . . 2 Damage Taken 7793 | . . 752 . . 412 . 182 71 . 1111 5265 Core 1488 | . . 133 . . 38 . . 31 . 126 1160 Absorbed by Shields 164 | . . . . . . . . . . . 164 Ignored by Resistances 247 | . . . . . . . . . . 68 179 Regen/Repaired (Parts) 417 | . . . 402 . . . . . 15 . . Core Remaining (%) 81 | 100 . . 46 . 95 . . . . 84 . Volleys Fired 102 | 24 . 21 . . 4 . . . 1 21 31 Largest 2 | 2 . 2 . . 1 . . . 1 1 1 Hottest 60 | 60 . 60 . . 44 . . . 50 60 60 Shots Fired 149 | 48 . 42 . . 4 . . . 1 21 33 Gun 121 | 48 . 42 . . . . . . . 3 28 Cannon 27 | . . . . . 4 . . . 1 18 4 Launcher 1 | . . . . . . . . . . . 1 Special . | . . . . . . . . . . . . Kinetic 58 | 24 . 30 . . 4 . . . . . . Thermal . | . . . . . . . . . . . . Explosive 1 | . . . . . . . . . . . 1 Electromagnetic 36 | 24 . 12 . . . . . . . . . Entropic 54 | . . . . . . . . . 1 21 32 Robot Hit Streak 10 | 7 . 10 . . 5 . . . . 5 5 Robot Miss Streak 8 | 4 . 4 . . . . . . . 2 8 Penetration Max . | . . . . . . . . . . . . Secondary Targets . | . . . . . . . . . . . . Shots Hit Robots 171 | 28 . 30 . . 5 2 3 7 . 22 74 Core Hits 65 | 9 . 3 . . 2 2 2 3 . 7 37 Critical Kills . | . . . . . . . . . . . . Critical Parts Destroyed 1 | . . . . . . . . . . . 1 Critical Strikes 9 | . . . . . . . . 1 . 6 2 Sever 1 | . . . . . . . . 1 . . . Detonate 1 | . . . . . . . . . . . 1 Sunder 5 | . . . . . . . . . . 4 1 Melee Attacks 104 | . . . . . 2 7 3 10 . 9 73 Impact . | . . . . . . . . . . . . Slashing 104 | . . . . . 2 7 3 10 . 9 73 Piercing . | . . . . . . . . . . . . Sneak Attacks 5 | . . . . . 1 2 . . . . 2 Combat Hostiles 1 | . . . . . 1 . . . . . . Follow-up Attacks 3 | . . . . . . . . 2 . . 1 Damage Inflicted 6416 | 366 . 252 . . 224 155 121 289 . 1348 3661 Guns 1686 | 311 . 252 . . . . . . . 164 959 Cannons 1279 | . . . . . 131 . . . . 946 202 Explosions 541 | 55 . . . . . . . . . . 486 Melee 2910 | . . . . . 93 155 121 289 . 238 2014 Ramming . | . . . . . . . . . . . . Kinetic 431 | 103 . 197 . . 131 . . . . . . Thermal 128 | 55 . . . . . . . . . . 73 Explosive 413 | . . . . . . . . . . . 413 Electromagnetic 263 | 208 . 55 . . . . . . . . . Impact . | . . . . . . . . . . . . Slashing 2910 | . . . . . 93 155 121 289 . 238 2014 Piercing . | . . . . . . . . . . . . Entropic 2271 | . . . . . . . . . . 1110 1161 Highest Corruption 8 | . . . . . . . . . . . 8 Average Corruption 7 | . . . . . . . . . . . 7 Corruption Purged 3 | . . . . . . . . . . . 3 Corruption Blocked . | . . . . . . . . . . . . Effects 21 | . . . . . . . . . . . 21 Message Errors 4 | . . . . . . . . . . . 4 Matter Fused 5 | . . . . . . . . . . . 5 Heat Flow Errors 1 | . . . . . . . . . . . 1 Energy Discharges 2 | . . . . . . . . . . . 2 Parts Rejected 1 | . . . . . . . . . . . 1 Data Loss (minor) 6 | . . . . . . . . . . . 6 Misfires 2 | . . . . . . . . . . . 2 Overload Shots . | . . . . . . . . . . . . Overflow Damage 388 | 2 . . . . 33 . . . . . 353 Projectiles 24 | . . . . . . . . . . . 24 Explosions 129 | 2 . . . . . . . . . . 127 Melee 235 | . . . . . 33 . . . . . 202 Knockbacks . | . . . . . . . . . . . . Impact . | . . . . . . . . . . . . Kinetic . | . . . . . . . . . . . . Secondary . | . . . . . . . . . . . . Self-Inflicted Damage 183 | . . . . . . . . . . . 183 Shots 2 | . . . . . . . . . . . 2 Rammed . | . . . . . . . . . . . . Targets Rammed . | . . . . . . . . . . . . Kicked . | . . . . . . . . . . . . Crushed . | . . . . . . . . . . . . Highest Temperature 348 | 40 . . . . . . . . 10 182 348 Average Temperature 54 | 19 . . . . . . . . 7 70 98 Received Heat Transfer 1171 | . . 135 . . . . . 27 . 250 759 Siege Activations . | . . . . . . . . . . . . Martial Activations . | . . . . . . . . . . . . Shielding Activations . | . . . . . . . . . . . . Robots Disrupted . | . . . . . . . . . . . . Combat Hostiles . | . . . . . . . . . . . . Robots Corrupted . | . . . . . . . . . . . . Combat Hostiles . | . . . . . . . . . . . . Parts Fried . | . . . . . . . . . . . . Impact Corruptions . | . . . . . . . . . . . . Robots Melted . | . . . . . . . . . . . . Combat Hostiles . | . . . . . . . . . . . . Parts Melted 4 | . . . . . . . . 1 . . 3 Heat Transferred 150 | 100 . . . . . . . . . . 50 Parts Sabotaged . | . . . . . . . . . . . . Parts Stolen . | . . . . . . . . . . . . Parts Stripped . | . . . . . . . . . . . . Power Chain Reactions 1 | 1 . . . . . . . . . . . Alert | -11 -10 -10 -8 -6 -6 -5 -5 -5 -5 -4 -4 ------- Run | Yrd Mat Sub Scr Fac DSF Fac Upp Upp War Pro Fac Maximum Alert Level 3 | . . . . . . . . . . . 3 Low Security (%) 56 | 100 100 . . 100 100 100 . . . . . Level 1 . | . . . . . . . . . . . . Level 2 . | . . . . . . . . . . . 1 Level 3 43 | . . . . . . . . . . . 98 Level 4 . | . . . . . . . . . . . . Level 5 . | . . . . . . . . . . . . High Security . | . . . . . . . . . . . . Max Security . | . . . . . . . . . . . . Peak Influence 1038 | 5 . . . 5 38 22 . . . . 1038 Initial 950 | . . . . . 3 19 . . . . 950 Average 389 | . . . . . 21 2 . . . . 889 Influence Increases 2325 | 30 . . . 5 35 69 30 65 . 210 1881 Destroy 0b10 Robot/C 780 | . . . . . 20 . 20 40 . 80 620 Destroy 0b10 Robot/NC 50 | 30 . . . . . 10 . . . . 10 Destroy Leader 132 | . . . . . . 2 10 10 . 10 100 Successful Hack 83 | . . . . 5 . 21 . . . . 57 Disable Machine 75 | . . . . . . 30 . . . . 45 Destroy Structure 80 | . . . . . . 6 . . . . 74 Advance Influence 900 | . . . . . . . . . . . 900 Lose Combat Pursuer 225 | . . . . . 15 . . 15 . 120 75 Influence Decreases 1522 | 30 . . . . 2 107 30 48 17 130 1158 Entered New Map 68 | . . . . . 2 19 . . 17 . 30 Time Decay 744 | 30 . . . . . 88 30 48 . 120 428 Search Patrol Dispatched 300 | . . . . . . . . . . . 300 Lost Part 410 | . . . . . . . . . . 10 400 Squads Dispatched 8 | . . . . . 1 2 . . . . 5 Investigation 1 | . . . . . . 1 . . . . . Extermination 3 | . . . . . . 1 . . . . 2 Reinforcement 2 | . . . . . 1 . . . . . 1 Assault 2 | . . . . . . . . . . . 2 Garrison . | . . . . . . . . . . . . Intercept . | . . . . . . . . . . . . Searches Triggered 2 | . . . . . . . . . . . 2 Construction Impeded . | . . . . . . . . . . . . Haulers Reinforced . | . . . . . . . . . . . . Active Scanning Responses . | . . . . . . . . . . . . Cargo Convoy Interrupts . | . . . . . . . . . . . . Stealth | -11 -10 -10 -8 -6 -6 -5 -5 -5 -5 -4 -4 --------- Run | Yrd Mat Sub Scr Fac DSF Fac Upp Upp War Pro Fac Distress Signals 7 | . 2 . . . . . . . 1 . 4 Communications Jammed . | . . . . . . . . . . . . Distress Signals . | . . . . . . . . . . . . Times Spotted 84 | . 1 6 . . 4 1 1 3 . 21 47 Peak Tracking Total 8 | . 2 2 . . 3 1 1 1 . 8 7 Tactical Retreats 12 | . . . . . 1 . . 1 . 3 7 Traps | -11 -10 -10 -8 -6 -6 -5 -5 -5 -5 -4 -4 ------- Run | Yrd Mat Sub Scr Fac DSF Fac Upp Upp War Pro Fac Traps Triggered 2 | . . . . . . 2 . . . . . Indirectly . | . . . . . . . . . . . . Trap Hack Attempts . | . . . . . . . . . . . . Triggered . | . . . . . . . . . . . . Disarmed . | . . . . . . . . . . . . Reprogrammed . | . . . . . . . . . . . . Reused . | . . . . . . . . . . . . Traps Extracted . | . . . . . . . . . . . . Installed . | . . . . . . . . . . . . Triggered . | . . . . . . . . . . . . Machines | -11 -10 -10 -8 -6 -6 -5 -5 -5 -5 -4 -4 ---------- Run | Yrd Mat Sub Scr Fac DSF Fac Upp Upp War Pro Fac Machines Disabled 6 | . . . . . . 2 . . 1 . 3 Max in Single Turn 3 | . . . . . . 1 . . 1 . 3 Machines Repaired . | . . . . . . . . . . . . Machines Dismantled . | . . . . . . . . . . . . Machines Sabotaged . | . . . . . . . . . . . . Overloaded Fab Kills . | . . . . . . . . . . . . Hacking | -11 -10 -10 -8 -6 -6 -5 -5 -5 -5 -4 -4 --------- Run | Yrd Mat Sub Scr Fac DSF Fac Upp Upp War Pro Fac Machines Accessed 19 | . . . 2 1 . 5 . . 5 . 6 Terminals 6 | . . . . 1 . 2 . . . . 3 Fabricators 3 | . . . . . . 2 . . . . 1 Repair Stations . | . . . . . . . . . . . . Recycling Units 1 | . . . . . . . . . . . 1 Scanalyzers . | . . . . . . . . . . . . Garrison Access 2 | . . . . . . 1 . . . . 1 Total Hacks 41 | . . . 4 1 . 8 . . 12 . 16 Successful 27 | . . . 4 1 . 3 . . 12 . 7 Failed 14 | . . . . . . 5 . . . . 9 Catastrophic 6 | . . . . . . 2 . . . . 4 Database Lockouts . | . . . . . . . . . . . . Manual 7 | . . . . . . 1 . . 1 . 5 Terminals 15 | . . . . 1 . 4 . . . . 10 Fabricators 3 | . . . . . . 2 . . . . 1 Repair Stations . | . . . . . . . . . . . . Recycling Units 3 | . . . . . . . . . . . 3 Scanalyzers . | . . . . . . . . . . . . Garrison Access 4 | . . . . . . 2 . . . . 2 Terminal Hacks 21 | . . . 4 1 . 1 . . 12 . 3 Record 13 | . . . 3 . . . . . 10 . . Open Door 3 | . . . 1 . . . . . 2 . . Open DSF 1 | . . . . 1 . . . . . . . Branch Access Points 2 | . . . . . . 1 . . . . 1 Emergency Access Points 1 | . . . . . . . . . . . 1 Zone Layout 1 | . . . . . . . . . . . 1 Fabricator Hacks 3 | . . . . . . 2 . . . . 1 Network Status 2 | . . . . . . 1 . . . . 1 Build 1 | . . . . . . 1 . . . . . Repair Station Hacks . | . . . . . . . . . . . . Recycling Unit Hacks 1 | . . . . . . . . . . . 1 Report Inventory 1 | . . . . . . . . . . . 1 Scanalyzer . | . . . . . . . . . . . . Garrison Access Hacks 1 | . . . . . . . . . . . 1 Coupler Status 1 | . . . . . . . . . . . 1 Unauthorized Hacks 1 | . . . . . . . . . . . 1 Terminals 1 | . . . . . . . . . . . 1 Botnet 1 | . . . . . . . . . . . 1 Fabricators . | . . . . . . . . . . . . Repair Stations . | . . . . . . . . . . . . Recycling Units . | . . . . . . . . . . . . Scanalyzers . | . . . . . . . . . . . . Garrison Access . | . . . . . . . . . . . . Data Cores Recovered . | . . . . . . . . . . . . Used . | . . . . . . . . . . . . Hacking Detections 10 | . . . . . . 4 . . . . 6 Full Trace Events 1 | . . . . . . 1 . . . . . Feedback Events . | . . . . . . . . . . . . Feedback Blocked . | . . . . . . . . . . . . Robot Schematics Acquired . | . . . . . . . . . . . . Robots Built . | . . . . . . . . . . . . Authchips . | . . . . . . . . . . . . Time . | . . . . . . . . . . . . Total Robot Build Rating . | . . . . . . . . . . . . Part Schematics Acquired . | . . . . . . . . . . . . Parts Built 2 | . . . . . . 2 . . . . . Authchips . | . . . . . . . . . . . . Time 64 | . . . . . . 64 . . . . . Total Part Build Rating 16 | . . . . . . 16 . . . . . Parts Repaired . | . . . . . . . . . . . . Time . | . . . . . . . . . . . . Parts Recycled . | . . . . . . . . . . . . Recycled Matter . | . . . . . . . . . . . . Retrieved Matter . | . . . . . . . . . . . . Retrieved Components . | . . . . . . . . . . . . Parts Scanalyzed . | . . . . . . . . . . . . Part Schematics Acquired . | . . . . . . . . . . . . Parts Damaged . | . . . . . . . . . . . . Bothacking | -11 -10 -10 -8 -6 -6 -5 -5 -5 -5 -4 -4 ------------ Run | Yrd Mat Sub Scr Fac DSF Fac Upp Upp War Pro Fac Used RIF Installer . | . . . . . . . . . . . . Robots Hacked . | . . . . . . . . . . . . Non-combat . | . . . . . . . . . . . . Combat . | . . . . . . . . . . . . Robot Hacks Applied . | . . . . . . . . . . . . Relay Couplers Released 3 | . . . . . . . . . . . 3 Programmers 3 | . . . . . . . . . . . 3 Fabnet Peak Effective % . | . . . . . . . . . . . . Robots Rewired . | . . . . . . . . . . . . Allies Hacked . | . . . . . . . . . . . . Hacks Repelled . | . . . . . . . . . . . . Allies | -11 -10 -10 -8 -6 -6 -5 -5 -5 -5 -4 -4 -------- Run | Yrd Mat Sub Scr Fac DSF Fac Upp Upp War Pro Fac Total Allies . | . . . . . . . . . . . . Largest Group . | . . . . . . . . . . . . Highest-Rated Group . | . . . . . . . . . . . . Highest-Rated Ally . | . . . . . . . . . . . . Total Orders . | . . . . . . . . . . . . Ally Attacks . | . . . . . . . . . . . . Total Damage . | . . . . . . . . . . . . Kills . | . . . . . . . . . . . . Allies Corrupted . | . . . . . . . . . . . . Allies Melted 2 | . . . . . . . . . 2 . . Intel | -11 -10 -10 -8 -6 -6 -5 -5 -5 -5 -4 -4 ------- Run | Yrd Mat Sub Scr Fac DSF Fac Upp Upp War Pro Fac Active Infowar (turns) 4608 | 24 215 288 . 12 103 689 401 536 885 398 1057 Sensors 3507 | . . . . . . 248 401 536 885 398 1039 Seismic 527 | 24 215 288 . . . . . . . . . Machine Analysis 2912 | . . . . . . . 36 536 885 398 1057 Cloaking 2690 | . . . . 12 103 689 401 536 882 67 . ECM 261 | . . . . . . . . . . . 261 Robot Analysis Total . | . . . . . . . . . . . . Derelict Logs Recovered 6 | . . . 1 . . . 1 2 . 2 . Drone Launches . | . . . . . . . . . . . . Drone Recoveries . | . . . . . . . . . . . . Exploration | -11 -10 -10 -8 -6 -6 -5 -5 -5 -5 -4 -4 ------------- Run | Yrd Mat Sub Scr Fac DSF Fac Upp Upp War Pro Fac Turns Passed 6548 | 340 215 358 1543 12 114 689 401 536 885 398 1057 Spaces Moved 4512 | 172 122 164 1265 4 69 465 340 395 704 299 513 Core 26 | 19 . . . . . . . . . . 7 Treads 518 | 153 122 17 226 . . . . . . . . Legs 2421 | . . . . . . 381 340 395 704 299 302 Wheels 1538 | . . 147 1039 4 69 84 . . . . 195 Hover 9 | . . . . . . . . . . . 9 Flight . | . . . . . . . . . . . . Fastest Speed 50 | 50 160 100 100 115 115 110 110 112 108 108 100 Average Speed 120 | 147 160 106 117 115 115 113 110 112 121 108 135 Slowest Speed 850 | 160 160 160 160 115 115 173 112 112 177 172 850 Overloaded Moves . | . . . . . . . . . . . . Propulsion Burnouts . | . . . . . . . . . . . . Robots Hopped . | . . . . . . . . . . . . Potential Cave-ins . | . . . . . . . . . . . . Cave-ins Triggered . | . . . . . . . . . . . . Exploration Rate (%) 43 | 7 37 13 86 . 50 12 55 54 90 65 13 Regions Visited 11 Branch Regions 6 Pre-discovered Areas 2 | . . . . . . . 1 . . 1 . Known Exits Taken 6 | . . . . 1 . 1 1 1 1 1 . Unknown Exits Taken 4 | 1 1 1 1 . . . . . . . . Scrap Searched 8 | . . . 4 . . . 2 2 . . . Spaces Dug 5 | . . . . . . 3 . . . . 2 Terrain Destroyed 52 | 5 . . . . . 3 . . . 6 38 Melee 5 | . . . . . . 3 . . . . 2 Projectile 32 | . . . . . . . . . . 6 26 AOE 15 | 5 . . . . . . . . . . 10 Terrain Rammed . | . . . . . . . . . . . . Walls Destroyed . | . . . . . . . . . . . . Machines Disabled . | . . . . . . . . . . . . Actions | -11 -10 -10 -8 -6 -6 -5 -5 -5 -5 -4 -4 --------- Run | Yrd Mat Sub Scr Fac DSF Fac Upp Upp War Pro Fac Total 5403 | 215 142 310 1324 11 97 621 359 477 733 340 774 Wait 383 | . 17 117 . 4 15 83 10 67 . . 70 Move 4501 | 171 121 163 1264 3 68 464 339 394 703 298 513 Hop . | . . . . . . . . . . . . Pick Up 114 | 12 4 1 28 . 4 16 2 3 10 3 31 Fast Attach 18 | . . . . . 1 12 2 . 2 . 1 Attach 70 | 7 . 5 6 3 . 6 1 2 1 5 34 Detach 16 | . . . 2 . 1 8 . . . 1 4 Swap 20 | . . 2 5 1 . 2 . 1 5 1 3 Drop 72 | 1 . 1 19 . 2 18 2 1 11 2 15 Fire 102 | 24 . 21 . . 4 . . . 1 21 31 Melee 101 | . . . . . 2 7 3 8 . 9 72 Ram . | . . . . . . . . . . . . Kick . | . . . . . . . . . . . . Crush . | . . . . . . . . . . . . Escape Stasis 5 | . . . . . . 5 . . . . . Rewire . | . . . . . . . . . . . . Trap . | . . . . . . . . . . . . Miscellaneous 1 | . . . . . . . . 1 . . . Route ------- -11/Scrapyard -10/Materials (discovered 2 exits: [*Min] / [*Sub]) -10/Subcaves (discovered 2 exits: [*Mat] / *Scr) -8/Scraptown (discovered 2 exits: *Fac x2) -6/Factory -6/DSF -5/Factory (discovered 2 exits: *Upp x2) -5/Upper Caves -5/Upper Caves -5/Warlord -4/Proximity Caves -4/Factory (discovered 6 exits: Res / *Upp x2 / Ext x2 / Arm) History --------- Turn | Location | Event 2 | -11/Scrapyard | Met Revision 17 12 | -11/Scrapyard | Discovered new exit (range 16) 341 | -11/Scrapyard | Entered Materials 342 | -10/Materials | Build established: Mutant 342 | -10/Materials | Met a group of wandering Federalists 414 | -10/Materials | Discovered new exit (range 7) 551 | -10/Materials | Discovered new exit (range 4) 556 | -10/Materials | Entered Subcaves 557 | -10/Subcaves | Continued accompanying wandering Federalists (4) 557 | -10/Subcaves | Approached by a straggling Scientist 777 | -10/Subcaves | Wandering Federalist uncovered a shortcut to Scraptown 843 | -10/Subcaves | Discovered new exit (range 10) 844 | -10/Subcaves | Ambushed by Subdwellers from Twisted Machinery 902 | -10/Subcaves | Core integrity fell below 50% 914 | -10/Subcaves | Entered Scraptown 942 | -8/Scraptown | Lost 6 parts (1p1n3u1w) 1069 | -8/Scraptown | Visited UFD Registry 1069 | -8/Scraptown | Registered with UFD as "Nukeranger" 1091 | -8/Scraptown | Visited TADAMA 1128 | -8/Scraptown | Visited CR-KLE's Repair Center 1170 | -8/Scraptown | Scanned Subdweller tech in exchange for log data 1175 | -8/Scraptown | Learned Research trap positions 1192 | -8/Scraptown | Discovered new exit (range 13) 1509 | -8/Scraptown | Visited Awakened 1521 | -8/Scraptown | Visited Comm Corps 1563 | -8/Scraptown | Visited Red Mages 1742 | -8/Scraptown | Visited Curators Association 1758 | -8/Scraptown | Visited Junk Repository 1807 | -8/Scraptown | Visited LU-1G1's Boring Crew 1933 | -8/Scraptown | Visited Junk Repository 1968 | -8/Scraptown | Visited Derelict Rescue Squad 1974 | -8/Scraptown | Found DRS Beacon 1996 | -8/Scraptown | Visited Sword Containment 2032 | -8/Scraptown | Visited Abandonware Association 2045 | -8/Scraptown | Learned abandonware demo "TRNCOAT.EXE" 2070 | -8/Scraptown | Visited Supply Room 2100 | -8/Scraptown | Visited A0-MCA Data Center 2107 | -8/Scraptown | Given a B- rating by A0-MCA 2112 | -8/Scraptown | Found A0-MCA's Component Scanner 2138 | -8/Scraptown | Visited Modified Component R&D 2264 | -8/Scraptown | CR-KLE repaired 5 parts 2400 | -8/Scraptown | Met Optimus 2400 | -8/Scraptown | Accepted into 0bPrime 2455 | -8/Scraptown | Discovered new exit (range 3) 2457 | -8/Scraptown | Entered Factory 2457 | -6/Factory | Evolved 8 slots: Power x1, Propulsion x2, Utility x5 2468 | -6/Factory | Identified exit to DSF 2469 | -6/Factory | Entered DSF 2540 | -6/DSF | Additional patrols routed to DSF 2561 | -6/DSF | Discovered new exit (range 15) 2583 | -6/DSF | Entered Factory 2583 | -5/Factory | Evolved 2 slots: Propulsion x2 2743 | -5/Factory | Fabricated Imp. Thunder Leg? 2876 | -5/Factory | Discovered new exit (range 14) 2886 | -5/Factory | Allied Derelicts emerged from ambush trap array 3167 | -5/Factory | Identified exit to Upper Caves 3272 | -5/Factory | Entered Upper Caves 3441 | -5/Upper Caves | Spotted B-75 Beast 3498 | -5/Upper Caves | Encountered a Warlord checkpoint 3620 | -5/Upper Caves | Discovered new exit (range 5) 3650 | -5/Upper Caves | Identified exit to Upper Caves 3673 | -5/Upper Caves | Entered another Upper Caves area 3721 | -5/Upper Caves | Spotted B-75 Beast 3937 | -5/Upper Caves | Build established: Assassin 4004 | -5/Upper Caves | Activated DRS Beacon 4088 | -5/Upper Caves | Destroyed B-75 Beast 4118 | -5/Upper Caves | Learned Factory trap positions 4154 | -5/Upper Caves | Learned 4 Factory zone layouts 4194 | -5/Upper Caves | Discovered new exit (range 13) 4208 | -5/Upper Caves | Identified exit to Warlord 4209 | -5/Upper Caves | Entered Warlord 4331 | -5/Warlord | Found Prototype Energy Gun 4450 | -5/Warlord | Received a Watcher feed algorithm from an ecstatic Tinkerer 4451 | -5/Warlord | Ran a Watcher feed algorithm 4461 | -5/Warlord | Rebuked by Warlord 4486 | -5/Warlord | Warlord's base attacked by MAIN.C 4738 | -5/Warlord | Found Prototype Energy Gun 4739 | -5/Warlord | Identified Vortex Shotgun 4744 | -5/Warlord | Found Vortex Shotgun 4750 | -5/Warlord | Found Prototype Energy Cannon 4751 | -5/Warlord | Identified Vortex Cannon 4755 | -5/Warlord | Found Vortex Cannon 4836 | -5/Warlord | Warlord forces counterattacked 4957 | -5/Warlord | Found Prototype Reactor 4965 | -5/Warlord | Found Prototype Device 5064 | -5/Warlord | Opened side exit 5085 | -5/Warlord | Discovered new exit (range 10) 5093 | -5/Warlord | Identified exit to Proximity Caves 5094 | -5/Warlord | Entered Proximity Caves 5096 | -4/Proximity Caves | Spotter reported a threat 5097 | -4/Proximity Caves | Spotter reported a threat 5149 | -4/Proximity Caves | Spotter reported a threat 5151 | -4/Proximity Caves | Spotted B-86 Titan 5182 | -4/Proximity Caves | Spotter reported a threat 5190 | -4/Proximity Caves | Destroyed B-86 Titan 5215 | -4/Proximity Caves | Identified Exp. Focal Shield 5215 | -4/Proximity Caves | Identified Vortex Chain Reactor 5215 | -4/Proximity Caves | Identified Plasma Storm 5221 | -4/Proximity Caves | Spotter reported a threat 5235 | -4/Proximity Caves | Spotter reported a threat 5279 | -4/Proximity Caves | Learned location of Armory (-4) 5352 | -4/Proximity Caves | Spotter reported a threat 5379 | -4/Proximity Caves | Spotter reported a threat 5394 | -4/Proximity Caves | Learned Research trap positions 5405 | -4/Proximity Caves | Spotter reported a threat 5432 | -4/Proximity Caves | Attracted the attention of an 0b10 checkpoint 5477 | -4/Proximity Caves | Discovered new exit (range 15) 5491 | -4/Proximity Caves | Identified exit to Factory 5492 | -4/Proximity Caves | Entered Factory 5492 | -4/Factory | Evolved 2 slots: Utility x2 5493 | -4/Factory | Identified exit to Research 5494 | -4/Factory | Loaded intel: 94 trap records 5574 | -4/Factory | Identified exit to Upper Caves 5574 | -4/Factory | Identified exit to Extension 5574 | -4/Factory | Identified exit to Armory 5742 | -4/Factory | Search patrols dispatched 5806 | -4/Factory | Lost 3 parts (1p1n1u) 5947 | -4/Factory | Lost 3 parts (2p1u) 5992 | -4/Factory | Search patrols dispatched 6100 | -4/Factory | Lost 15 parts (1p8n5u1w) 6107 | -4/Factory | Destroyed 11 combat bots 6492 | -4/Factory | First assault squad dispatched 6515 | -4/Factory | Spotted B-86 Titan 6532 | -4/Factory | Core integrity fell below 50% 6542 | -4/Factory | Core integrity fell below 20% 6549 | -4/Factory | Destroyed by H-77 Assassin with High-powered Shotgun Last Messages --------------- 06544_ Penetrated by Slug. 06544_ Slug penetrates Earth. 06545_ U-05 Engineer lays Concrete. 06545_ K-01 Serf collects debris. 06545_ U-05 Engineer lays Concrete. 06546_ Penetrated by Slug. 06546_ Slug penetrates Wall. 06546_ Slug penetrates Earth. 06546_ U-05 Engineer lays Concrete. 06547_ K-01 Serf collects debris. 06548_ Penetrated by Slug. 06548_ U-05 Engineer lays Concrete. 06548_ Dropped Companion Sword. Companion Sword: "How could you do this to me." 06548_ U-05 Engineer lays Concrete. 06549_ K-01 Serf collects debris. 06549_ Dropped CPS Tube. 06549_ U-05 Engineer lays Concrete. 06549_ Slug penetrates Earth. 06549_ Penetrated by Slug. Map ----- +----------------------------------------------------+ | ?# ]# !# """" #????????????????????? | | ?# # !# "F " #????????????????????? | | + # # [ ] #????????????????????? | | ############ # #????????????????????? | | ############ # ! ! #????????????????????? | | # # =% #????????????????????? | | + / """"""" #????????????????????? | | """"""""" # # """"""" #????????????????????? | | ??? # # """"""" #????????????????????? | | """"""""" ?# # """"""" #????????????????????? | | ??? ?# # / #????????????????????? | | """""""""??# ##############????????????????????? | | ?? ??# #?????????????????????????????????? | | """""""""??# #?????????????????????????????????? | | ???? ???# #??#######????????????????????????? | | ??????#????# #??#"""""#????????????????????????? | | ??????###### R#### "T""###??????????????????????? | | ??????# uu ###?########???????????? | | ??????# % # #?# ???????????? | | ??????#""" %k [ ; ### ???????????? | | ??????#"T ] # # """" ???????????? | | ??????#" B u * ][! ## """" ???????????? | | ??????# [[!% # """" ???????????? | | ?????## """ !%| ## """" ???????????? | | ????# """ | | #??# """" ???????????? | | ????# " @##??# """" ???????????? | | ????### ! "kh #???# """" ???????????? | | ??????# #???# ???????????? | | ??????# h% #???# ???????????? | | ??????# ######### #???# ???????????? | | ???????? ? ?? # ###########+???????????? | | ????????????? """"" # ???????????? | | ????????????? """"" + ???????????? | | ????????????? """ # ???????????? | | ????????????? # ???????????? | | ???????^^^^^? # ???????????? | | ????????????? #########+########???????????? | | ????????????? "" "" #???# #??????????????? | | ????????????? ""R"" #???# #??????????????? | | ????????????? """" #???# """ """ #??????????????? | | ????????????? #???# """ """ #??????????????? | | ?????????????########???# """ """ #??????????????? | | ????????????????# #?????# "" "" #??????????????? | | ????????????????# #?????# "" "" #??????????????? | | ????????????????# #?????# #??????????????? | | ???????????????####################??????????????? | | ???????????????# """"""""""" #?????????????????? | | ???????????????# """"T"""" #?????????????????? | | ???????????????# #?????????????????? | | ???????????????# """""" """""" #?????????????????? | +----------------------------------------------------+ Best States ------------- Heat Dissipation 43 Energy Generation 55 Energy Capacity 700 Matter Stores 300 Matter Capacity 300 Sight Range 16 Robot Scan Range 15 Terrain Scan Density 10 ECM Strength 2 Cloak Strength 2 Armor Coverage 450 Resistance: KI 30 Core Shielding 30 Melee Speed Boost 30 Phase Shifting 5 Evasion (%) 75 Recoil Reduction 2 Offensive Hacking 12 Authchip Count 2 Item Schematics ----------------- None Robot Schematics ------------------ None Fabricated ------------ Imp. Thunder Leg | x2 | -5/Factory | Preloaded Repaired ---------- Nothing Alien Tech Used ----------------- None Achievements -------------- None Challenges ------------ None Game ------ Seed DeflectorComponentFragment Manual? 0 Play Time 01:10:13 Cumulative 207.7 hours Start 2025.08.26 @ 15:13:20 End 2025.08.26 @ 16:30:56 Sessions 3 Manual Loads 0 Difficulty Rogue Special Mode None Game No. 314 Rogue 314 Adventurer 0 Explorer 0 Win Type - Total 4 Types 3/0/1/0/0/0/0/0/0/0 Lore% 80 Gallery% 75 Achievement% 56 Wizard Run 0 Options --------- Layout 1 ASCII 0 Keyboard 0 Movement Mouse Keybinds 0 Fullscreen 1 Font 24/Smallcaps Map View 50x40 Zoom Use 0% Tactical HUD 1 Map Filters NONE Filters NONE Steam 1 RUN: 89c38de7-7d76-498d-970c-0edf941cda08